 Dungeon Crawl Stone Soup version 0.30-a0-1112-gfb780f5df6 (webtiles) character file.

Game seed: 5757698251348918465

87076 hwolsky the Severer (level 15, -5/141 HPs)
             Began as a Minotaur Fighter on Apr 19, 2023.
             Was the Champion of Okawaru.
             Killed by divine providence
             ... invoked by an orc high priest
              (12 damage)
             ... on level 2 of the Orcish Mines.
             The game lasted 01:16:27 (21899 turns).

hwolsky the Severer (Minotaur Fighter)             Turns: 21899, Time: 01:16:28

Health: -5/141     AC: 26    Str: 39    XL:     15   Next: 42%
Magic:  0/20       EV:  8    Int:  7    God:    Okawaru [******]
Gold:   2146       SH: 12    Dex:  9    Spells: 14/14 levels left

rFire   + . .      SeeInvis .    l - +4 broad axe (elec)
rCold   . . .      Faith    .    D - +0 kite shield
rNeg    + . .      Spirit   +    M - +1 plate armour {rF+}
rPois   .          Reflect  .    (helmet restricted)
rElec   .          Rampage  .    A - +0 cloak
rCorr   .                        H - +0 pair of gloves "Lixkiaxua" {rN+ Str+6}
Will    +....                    h - +0 pair of boots Stlth
                                 q - amulet of guardian spirit
HPRegen 0.43/turn                o - +4 ring of protection
MPRegen 0.17/turn                t - +6 ring of strength

@: about to teleport, spiked
A: horns 2, retaliatory headbutt
a: Renounce Religion, Heroism, Finesse, Duel


You were on level 2 of the Orcish Mines.
You worshipped Okawaru.
Okawaru was exalted by your worship.
You visited 4 branches of the dungeon, and saw 21 of its levels.
You also visited: Sewer.

You collected 2218 gold pieces.
You spent 72 gold pieces at shops.

Inventory:

Hand Weapons
 l - a +4 broad axe of electrocution (weapon)
Missiles
 a - a silver javelin
 b - 16 boomerangs (quivered)
 j - a javelin
 m - 3 throwing nets
 G - a datura-tipped dart
 N - 2 poisoned darts
Armour
 h - a +0 pair of boots (worn)
 A - a +0 cloak (worn)
 D - a +0 kite shield (worn)
 H - the +0 pair of gloves "Lixkiaxua" (worn) {rN+ Str+6}
   (Okawaru gifted it to you on level 10 of the Dungeon)

   Str:       It affects your strength (+6).
   rN:        It protects you from negative energy.
 M - a +1 plate armour of fire resistance (worn)
Jewellery
 o - a +4 ring of protection (left hand)
 q - an amulet of guardian spirit (around neck)
 r - a +5 ring of evasion
 s - a ring of flight
 t - a +6 ring of strength (right hand)
 v - a ring of fire
 x - a ring of see invisible
 y - a ring of resist corrosion
 J - an amulet of magic regeneration
Wands
 d - a wand of flame (53)
 F - a wand of polymorph (3)
Scrolls
 e - 3 scrolls of teleportation
 k - 6 scrolls of magic mapping
 n - a scroll of fear
 p - 4 scrolls of amnesia
 C - 3 scrolls of fog
 E - 9 scrolls of identify
Potions
 c - 3 potions of flight
 g - 3 potions of attraction
 i - 2 potions of haste
 u - 2 potions of cancellation
 w - a potion of brilliance
 z - 7 potions of curing
 B - a potion of mutation
 I - 2 potions of magic
Miscellaneous
 K - a piece from Xom's chessboard (15/15)
 L - a box of beasts
 O - a tin of tremorstones (2/2)


   Skills:
 + Level 15.0 Fighting
 - Level 18.0 Axes
 + Level 7.5 Throwing
 + Level 15.0 Armour
 + Level 14.9 Shields
 - Level 8.0 Invocations


You had 14 spell levels left.
You didn't know any spells.
Your spell library contained the following spells:

 Spells                   Type           Power      Damage    Failure   Level
 Beastly Appendage        Tmut           0%         N/A       97%         1
 Ensorcelled Hibernation  Hex/Ice        0%         N/A       99%         2
 Lesser Beckoning         Tloc           0%         N/A       99%         2
 Passwall                 Tmut/Erth      0%         N/A       99%         2
 Scorch                   Fire           0%         2d5       99%         2
 Sublimation of Blood     Necr           0%         N/A       99%         2
 Wereblood                Tmut           0%         N/A       99%         2
 Frozen Ramparts          Ice            0%         1d1       100%        3
 Gell's Gravitas          Tloc           0%         N/A       100%        3
 Spider Form              Tmut/Pois      0%         N/A       100%        3
 Swiftness                Air            0%         N/A       100%        3
 Teleport Other           Tloc           0%         N/A       100%        3
 Airstrike                Air            0%         2d(0-16)  100%        4
 Anguish                  Hex/Necr       0%         N/A       100%        4
 Cause Fear               Hex            0%         N/A       100%        4
 Flame Wave               Conj/Fire      0%         2d4       100%        4
 Ice Form                 Ice/Tmut       0%         N/A       100%        4
 Passage of Golubria      Tloc           0%         N/A       100%        4
 Petrify                  Tmut/Erth      0%         N/A       100%        4
 Borgnjor's Vile Clutch   Necr/Erth      0%         N/A       100%        5
 Irradiate                Conj/Tmut      0%         3d11      100%        5
 Yara's Violent Unravell  Hex/Tmut       0%         3d3       100%        5
 Eringya's Noxious Bog    Tmut/Pois      0%         N/A       100%        6
 Plasma Beam              Fire/Air       0%         2x1d11    100%        6
 Dragon Form              Tmut           0%         N/A       100%        7
 Enfeeble                 Hex            0%         N/A       100%        7
 Orb of Destruction       Conj           0%         9d5       100%        7
 Summon Guardian Golem    Hex/Summ       Unusable   N/A       N/A         3
 Tukima's Dance           Hex            Unusable   N/A       N/A         3
 Animate Dead             Necr           Unusable   N/A       N/A         4
 Summon Ice Beast         Ice/Summ       Unusable   N/A       N/A         4
 Summon Forest            Summ/Tloc      Unusable   N/A       N/A         5
 Death Channel            Necr           Unusable   N/A       N/A         6
 Summon Cactus Giant      Summ           Unusable   N/A       N/A         6
 Spellforged Servitor     Conj/Summ      Unusable   N/A       N/A         7
 Summon Hydra             Summ           Unusable   N/A       N/A         7
 Dragon's Call            Summ           Unusable   N/A       N/A         9

Dungeon Overview and Level Annotations

Branches:
Dungeon (13/15)            Temple (1/1) D:5            Lair (5/5) D:11
  Swamp (0/4) Lair:3        Snake (0/4) Lair:2        Slime (0/5) Lair:4
    Orc (2/2) D:10            Elf (0/3) Orc:2         Sewer (visited)
 Vaults: D:13-14

Altars:
Ashenzari
Cheibriados
Dithmenos
Elyvilon
Fedhas
Gozag
Hepliaklqana
Kikubaaqudgha
Makhleb
Nemelex Xobeh
Okawaru
Qazlal
Ru
Sif Muna
Trog
Uskayaw
Vehumet
Wu Jian
Xom
Yredelemnul
Zin
The Shining One

Shops:
D:6 *   D:8 (   D:10 [(


Innate Abilities, Weirdness & Mutations

You have a pair of horns on your head.
You reflexively headbutt those who attack you in melee.


Message History

Things that are here:
a +0 flail; an orc corpse
As you read the scroll of teleportation, it crumbles to dust.
You feel strangely unstable.
The red devil hits you from afar with a +0 trident.
* * * LOW HITPOINT WARNING * * *
Barbed spikes become lodged in your body.
The hellwing completely misses you.
The hellwing hits you but does no damage.
The orc high priest mumbles some strange prayers to Beogh against you.
You resist with significant effort.
The orc high priest prays to Beogh.
You completely miss the hellwing. Your headbutt misses the hellwing.
You slash the orc priest!
Lightning courses through the orc priest!
You kill the orc priest!
Okawaru accepts your kill.
You hit the hellwing but do no damage. You block the red devil's attack.
The hellwing closely misses you. You furiously retaliate!
You headbutt the hellwing!! The hellwing hits you.
* * * LOW HITPOINT WARNING * * *
You hit the hellwing but do no damage. Your headbutt misses the hellwing.
You barely miss the hellwing.
The orc high priest invokes the aid of Beogh against you.
Beogh smites you!
* * * LOW HITPOINT WARNING * * *
You block the hellwing's attack. x2
The red devil hits you from afar with a +0 trident.
* * * LOW HITPOINT WARNING * * *
Barbed spikes become lodged in your body.
The hellwing hits you but does no damage. x2
You slash the hellwing! Your headbutt misses the hellwing.
The hellwing is moderately wounded.
You slice the orc high priest!! You barely miss the hellwing.
The orc high priest utters an invocation to Beogh.
You block the hellwing's attack.
The hellwing hits you but does no damage.
The orc high priest calls down the wrath of Beogh upon you.
Beogh smites you!
You die...

#...### ##...### #
#..#.###.#.##
##.....#...##
##.......).##
##........)))#####
4.....).)))).....##
.o.....4))).......#
.######).)######...
#....4@4...... ..
#.....4.o4..... .
#......#####....
#...... ....
#..4o.# #... #...o#
#.o. #.4#. #..##


You could see 3 orc high priests, 3 hellwings, an ice devil (summoned), 2 chaos
spawn and a red devil (summoned, expiring).

Vanquished Creatures
  Rupert (D:13)
  A sphinx (D:10)
  Kirke (Lair:4)
  Nessos (D:13)
  A dire elephant (Lair:5)
  The ghost of Jeffwins the Geomancer, a journeyman HuWn of Vehumet (D:11)
  Harold (Lair:2)
  An ice dragon (D:10)
  3 hydras
  A catoblepas (Lair:5)
  Erica (D:8)
  A boulder beetle (D:13)
  2 centaur warriors (D:13)
  19 death yaks
  7 two-headed ogres
  A deep troll shaman (Lair:5)
  Nergalle (Orc:1)
  A skyshark (Lair:4)
  Sonja (Arena)
  Amaemon (Lair:3)
  3 skeletal warriors (D:11)
  A flayed ghost (D:10)
  3 orc knights
  A deep elf pyromancer (D:11)
  A bog body (Lair:3)
  3 ugly things
  3 orc sorcerers
  3 manticores (D:12)
  4 cyclopes (D:13)
  Maurice (D:13)
  2 black mambas
  11 elephants
  A gargoyle (D:11)
  13 cane toads
  Maggie (D:6)
  A kobold demonologist (D:10)
  An orange demon (Lair:3)
  11 komodo dragons
  2 unseen horrors (D:13)
  3 rime drakes
  A yaktaur (shapeshifter) (D:13)
  A tengu conjurer (D:13)
  4 polar bears
  6 trolls
  2 hornets
  Grinder (D:5)
  Prince Ribbit (D:6)
  9 dream sheep
  7 blink frogs
  7 slime creatures
  3 shadows
  Sigmund (D:5)
  56 yaks
  2 vampires
  3 wraiths
  6 wyverns
  4 hogs (Lair:4)
  A basilisk (Lair:2)
  A basilisk (shapeshifter) (D:13)
  2 humans (Lair:4)
  Eustachio (D:5)
  9 vampire mosquitoes
  4 steam dragons
  3 wargs
  2 acid dragons
  3 nagas (Lair:2)
  Duvessa (D:5)
  11 water moccasins
  31 orc warriors
  Pargi (Sewer)
  A sky beast (D:6)
  2 ice beasts (D:6)
  6 black bears
  12 ogres
  10 wolves
  9 centaurs
  5 kobold brigands
  12 bullfrogs
  3 gnoll sergeants
  3 scorpions
  10 wights
  Dowan (D:5)
  13 killer bees
  11 howler monkeys
  4 electric eels
  6 jellies
  23 orc priests
  5 gnoll boudas
  11 hounds
  An iguana (D:5)
  3 sleepcaps (D:6)
  8 hell rats
  26 orc wizards
  13 gnolls (D:8)
  16 river rats
  12 adders
  A white imp (D:6)
  7 ufetubi
  5 worms
  9 dart slugs
  95 orcs
  6 bats
  7 endoplasms
  4 giant cockroaches
  6 goblins
  6 hobgoblins
  7 jackals
  19 kobolds
  7 quokkas
  13 ball pythons
  4 frilled lizards
  8 rats
730 creatures vanquished.

Vanquished Creatures (others)
  16 fungi
  40 plants
56 creatures vanquished.

Grand Total: 786 creatures vanquished

Notes
Turn   | Place    | Note
-------+----------+-------------------------------------------
     0 | D:1      | hwolsky the Minotaur Fighter began the quest for the Orb.
     0 | D:1      | Reached XP level 1. HP: 19/19 MP: 0/0
    53 | D:1      | Reached XP level 2. HP: 27/27 MP: 1/1
   161 | D:1      | Reached skill level 3 in Axes
   183 | D:1      | Reached XP level 3. HP: 13/33 MP: 2/2
   816 | D:2      | Reached skill level 12 in Axes
   816 | D:2      | Reached XP level 4. HP: 40/40 MP: 3/3
  1031 | D:2      | Reached XP level 5. HP: 46/46 MP: 4/4
  1128 | D:3      | Found a faded altar of an unknown god.
  1385 | D:3      | Found a glowing drain.
  1391 | Sewer    | Entered a sewer
  1413 | Sewer    | Noticed Pargi
  1420 | Sewer    | Killed Pargi
  1421 | Sewer    | Reached XP level 6. HP: 51/53 MP: 5/5
  1499 | Sewer    | Reached skill level 13 in Axes
  2233 | D:4      | Found a shimmering blue altar of Sif Muna.
  2815 | D:5      | Entered Level 5 of the Dungeon
  2815 | D:5      | Noticed Duvessa
  2815 | D:5      | Noticed Dowan
  2819 | D:5      | Killed Duvessa
  2820 | D:5      | Reached XP level 7. HP: 51/60 MP: 6/6
  2824 | D:5      | Killed Dowan
  2825 | D:5      | Reached skill level 5 in Fighting
  2825 | D:5      | Noticed Sigmund
  2830 | D:5      | Reached skill level 5 in Armour
  2844 | D:5      | Killed Sigmund
  2845 | D:5      | Reached skill level 5 in Shields
  2862 | D:5      | Noticed Grinder
  2870 | D:5      | Paralysed by Grinder for 3 turns
  2871 | D:5      | Noticed Eustachio
  2878 | D:5      | Paralysed by Grinder for 4 turns
  2887 | D:5      | Killed Grinder
  2888 | D:5      | Reached XP level 8. HP: 63/69 MP: 7/7
  2906 | D:5      | Killed Eustachio
  2984 | D:5      | Found a staircase to the Ecumenical Temple.
  2997 | Temple   | Entered the Ecumenical Temple
  3004 | Temple   | Became a worshipper of Warmaster Okawaru
  3099 | D:5      | Found an opulent altar of Gozag.
  3335 | D:5      | Found a snail-covered altar of Cheibriados.
  3755 | D:6      | Noticed Prince Ribbit
  3761 | D:6      | Killed Prince Ribbit
  3761 | D:6      | Reached * piety under Okawaru
  3762 | D:6      | Reached skill level 14 in Axes
  3805 | D:6      | Reached XP level 9. HP: 54/75 MP: 8/8
  3913 | D:6      | Reached skill level 1 in Invocations
  4045 | D:6      | Found Uplitt's General Store.
  4345 | D:6      | Reached ** piety under Okawaru
  4355 | D:6      | Noticed a two-headed ogre
  4371 | D:6      | Killed a two-headed ogre
  4371 | D:6      | Reached *** piety under Okawaru
  4520 | D:6      | Reached XP level 10. HP: 85/85 MP: 9/11
  4545 | D:6      | Noticed Maggie
  4556 | D:6      | Killed Maggie
  4557 | D:6      | Reached skill level 15 in Axes
  5253 | D:7      | Found a blossoming altar of Fedhas.
  5502 | D:7      | Found a glowing golden altar of the Shining One.
  5502 | D:7      | Found a burning altar of Makhleb.
  5983 | D:8      | Noticed Erica
  5998 | D:8      | Killed Erica
  5998 | D:8      | Reached **** piety under Okawaru
  6159 | D:8      | Found Dimuf's Weapon Boutique.
  6201 | D:8      | Found a hazy altar of Hepliaklqana.
  6260 | D:8      | Noticed a two-headed ogre
  6267 | D:8      | Killed a two-headed ogre
  6564 | D:8      | Received a gift from Okawaru
  6577 | D:8      | Reached ***** piety under Okawaru
  6602 | D:8      | Reached XP level 11. HP: 28/94 MP: 13/13
  7003 | D:8      | Noticed a two-headed ogre
  7010 | D:8      | Killed a two-headed ogre
  7011 | D:8      | Reached skill level 16 in Axes
  8050 | D:9      | Reached skill level 5 in Invocations
  8260 | D:9      | Reached skill level 1 in Throwing
  9015 | D:10     | Entered Level 10 of the Dungeon
  9015 | D:10     | Found Teuceil's Armour Shop.
  9046 | D:10     | Found a staircase to the Orcish Mines.
  9048 | D:10     | Found Zigeh's Weapon Shoppe.
  9058 | D:10     | Reached ****** piety under Okawaru
  9136 | D:10     | Bought a +0 pair of gloves for 72 gold pieces
  9365 | D:10     | Identified the +0 pair of gloves "Lixkiaxua" {rN+ Str+6}
                  | (Okawaru gifted it to you on level 10 of the Dungeon)
  9365 | D:10     | Received a gift from Okawaru
  9433 | D:10     | Found a stormy altar of Qazlal.
  9444 | D:10     | Found a hide-covered altar of Uskayaw.
  9485 | D:10     | Noticed a sixfirhy
  9658 | D:10     | Reached skill level 17 in Axes
  9735 | D:10     | Reached XP level 12. HP: 105/105 MP: 14/14
  9871 | D:10     | Noticed a sphinx
  9879 | D:10     | Killed a sphinx
  9887 | D:10     | Identified the +0 falchion of Expedience {elec, rC+ rN+
                  | Str-5 SInv}
  9957 | D:10     | Noticed an ice dragon
  9992 | D:10     | Killed an ice dragon
 10204 | D:10     | Found a shadowy altar of Dithmenos.
 10355 | D:10     | Found a basalt altar of Yredelemnul.
 10500 | D:11     | Noticed a death yak
 10501 | D:11     | Noticed a two-headed ogre
 10503 | D:11     | Noticed a death yak
 10507 | D:11     | Noticed a death yak
 10510 | D:11     | Killed a death yak
 10513 | D:11     | Found a staircase to the Lair.
 10514 | D:11     | Killed a two-headed ogre
 10518 | D:11     | Killed a death yak
 10519 | D:11     | Reached skill level 10 in Fighting
 10519 | D:11     | Reached skill level 10 in Armour
 10521 | D:11     | Killed a death yak
 10522 | D:11     | Reached skill level 10 in Shields
 10663 | D:11     | Found a runed translucent gate.
 10663 | D:11     | Found a runed translucent gate.
 10663 | D:11     | Found a runed translucent gate.
 10665 | D:11     | Identified the +6 chain mail of Gravitas {rN+}
 10667 | D:11     | Noticed Jeffwins's ghost (journeyman HuWn)
 11351 | D:11     | Reached skill level 18 in Axes
 11940 | D:11     | Killed Jeffwins's ghost
 11940 | D:11     | Received a gift from Okawaru
 12054 | D:12     | Noticed Sonja
 12069 | Arena    | Entered the Arena
 12072 | Arena    | HP: 4/108 [poisoned by Sonja (curare-tipped dart)]
 12090 | Arena    | Killed Sonja
 12368 | D:12     | Reached skill level 5 in Throwing
 12543 | D:12     | Noticed a two-headed ogre
 12552 | D:12     | Killed a two-headed ogre
 12553 | D:12     | Reached XP level 13. HP: 78/116 MP: 15/15
 13457 | D:12     | Received a gift from Okawaru
 13920 | D:13     | Noticed Maurice
 13928 | D:13     | Killed Maurice
 13985 | D:13     | Identified the +8 hand axe of the Hated {venom, rF+ Str+2
                  | Stlth+}
 14185 | D:13     | Received a gift from Okawaru
 14576 | D:13     | Noticed Nessos
 14590 | D:13     | Killed Nessos
 15081 | D:13     | Noticed Rupert
 15099 | D:13     | Paralysed by Rupert for 2 turns
 15107 | D:13     | Paralysed by Rupert for 2 turns
 15111 | D:13     | Killed Rupert
 15473 | Lair:1   | Entered Level 1 of the Lair of Beasts
 15665 | Lair:1   | Received a gift from Okawaru
 15751 | Lair:1   | Identified the +10 demon blade "Dahoi" {flame, Drain +Blink
                  | Stlth+} (Okawaru gifted it to you on level 1 of the Lair of
                  | Beasts)
 15751 | Lair:1   | Received a gift from Okawaru
 15840 | Lair:1   | Got the Thoughts on the Overcast Switch
 16383 | Lair:2   | Reached XP level 14. HP: 127/127 MP: 18/18
 16754 | Lair:2   | Noticed Harold
 16760 | Lair:2   | Found a staircase to the Snake Pit.
 16766 | Lair:2   | Killed Harold
 17176 | Lair:3   | Received a gift from Okawaru
 17384 | Lair:3   | Received a gift from Okawaru
 17753 | Lair:3   | Noticed Amaemon
 17754 | Lair:3   | Found a staircase to the Swamp.
 17760 | Lair:3   | Killed Amaemon
 18638 | Lair:4   | Found a staircase to the Slime Pits.
 18735 | Lair:4   | Received a gift from Okawaru
 19035 | Lair:4   | Identified the +6 chain mail "Rot Xucy" {rPois} (Okawaru
                  | gifted it to you on level 4 of the Lair of Beasts)
 19035 | Lair:4   | Received a gift from Okawaru
 19085 | Lair:4   | Noticed Kirke
 19093 | Lair:4   | Killed Kirke
 19846 | Lair:5   | Entered Level 5 of the Lair of Beasts
 20292 | Lair:5   | Reached XP level 15. HP: 139/139 MP: 20/20
 20697 | Lair:5   | Identified the +3 scale mail "Ciuqoism" {*Slow rElec rN+
                  | Stlth+} (Okawaru gifted it to you on level 5 of the Lair of
                  | Beasts)
 20697 | Lair:5   | Received a gift from Okawaru
 21121 | Orc:1    | Entered Level 1 of the Orcish Mines
 21423 | Orc:1    | Noticed Nergalle
 21429 | Orc:1    | Killed Nergalle
 21534 | Orc:2    | Entered Level 2 of the Orcish Mines
 21582 | Orc:2    | Found a staircase to the Elven Halls.
 21740 | Orc:2    | Reached skill level 15 in Fighting
 21758 | Orc:2    | Reached skill level 15 in Armour
 21898 | Orc:2    | HP: 7/141 [red devil/+0 trident[an orc high priest] (3)]
 21899 | Orc:2    | Killed from afar by an orc high priest

Illustrated notes

Levels and vault maps discovered:
D:1:      saegor_arrival_simple_a, layout_rooms
D:2:      minmay_spotlight, layout_rooms, minmay_strange_pillars
D:3:      layout_rooms, lightli_sewer_entry_pipes,
          chequers_ecumenical_altar_island, due_unseen_surprise
D:4:      layout_loops_cross, amcnicky_altar_gilded, hangedman_minor_gate_pass
D:5:      layout_loops_ring, nicolae_overflow_hidden_temple,
          kennysheep_slug_shrine, minmay_temple_entry_statues_fountains,
          uniq_eustachio, uniq_duvessa, uniq_grinder, uniq_sigmund
D:6:      minmay_chambers_of_threes, layout_loops_ring, serial_shops,
          nicolae_shop_behind_doors, grunt_potential, uniq_prince_ribbit1,
          uniq_maggie
D:7:      kennysheep_slugbush, layout_loops_ring, jmf_multi_god_temple,
          fedhas_altar_2
D:8:      lemuel_castle_with_subvaults [lemuel_castle_interior_carwin_3],
          layout_basic, nzn_hepliaklqana_mist_gate, serial_shops,
          nicolae_shop_peninsula, minmay_misc_feat_tiny, minmay_quadrilaterals,
          uniq_erica
D:9:      layout_roguey [special_room_orc]
D:10:     minmay_the_grid_plus [minmay_the_grid_x, minmay_the_grid_pillar_ring,
          minmay_the_grid_embedded, minmay_the_grid_dragon_a,
          minmay_the_grid_prize_diamond_cup], layout_long_grid,
          mainiacjoe_overflow_chevrons, nicolae_qazlal_general_emergency,
          lemuel_coloured_pillars_altar, kennysheep_mini_moat, orc_david_3,
          serial_shops, nicolae_stop_n_shop_1
D:11:     layout_irregular_city, dpeg_lair_monsters, biasface_ghost_orc_armoury
D:12:     layout_grid_maze, uniq_sonja
D:13:     layout_loops_ring, minmay_circle_x, uniq_maurice, uniq_nessos,
          uniq_rupert
Temple:   minmay_freezing_vapour_temple
Lair:1:   layout_roguey, lemuel_fruit_fields
Lair:2:   layout_regular_city, guppyfry_snake_entry_island,
          amcnicky_mini_pool_medium, grunt_megastairs_4, uniq_harold
Lair:3:   layout_regular_city, skrybe_swamp_entry_bodies, beast_lair_carwin_9,
          uniq_amaemon
Lair:4:   layout_cave_shapes, slime_entry_1, kennysheep_rathole, uniq_kirke
Lair:5:   grunt_lair_end_beastmaster, layout_cave_shapes,
          infiniplex_staircase_pool, lemuel_fruit_tree
Orc:1:    layout_diamond_mine, enter_volcano_3, nicolae_shop_gadgets,
          uniq_nergalle, uniq_snorg
Orc:2:    st_orc_mages, layout_diamond_mine

Skill      XL: |  1  2  3  4  5  6  7  8  9 10 11 12 13 14 15 |
---------------+----------------------------------------------+-----
Axes           | 3 12 13 14 15 17 18 | 18.0
Fighting       | 4 5 6 7 8 9 11 12 14 15 | 15.0
Shields        | 4 5 6 7 8 9 10 12 14 | 14.9
Armour         | 4 5 6 7 8 9 11 12 14 15 | 15.0
Invocations    | 2 4 5 6 8 |  8.0
Throwing       | 2 5 6 7 |  7.5

Action                     |  1- 3 |  4- 6 |  7- 9 | 10-12 | 13-15 || total
---------------------------+-------+-------+-------+-------+-------++-------
  Melee: War axe           |    71 |   150 |   172 |   588 |    35 ||  1016
         Headbutt          |    10 |    17 |    25 |   129 |   149 ||   330
         Broad axe         |       |       |       |       |   649 ||   649
  Throw: Boomerang         |       |       |       |     3 |       ||     3
         Javelin           |       |       |       |       |     4 ||     4
         Throwing net      |       |       |       |       |     3 ||     3
 Invoke: Heroism           |       |       |       |     2 |     5 ||     7
         Duel              |       |       |       |     1 |       ||     1
         Finesse           |       |       |       |       |     1 ||     1
    Use: Scroll            |     5 |     5 |     7 |     4 |     6 ||    27
         Potion            |     2 |     6 |     3 |    13 |     6 ||    30
   Stab: Distracted        |       |       |       |     1 |       ||     1
         Confused          |       |       |       |     1 |       ||     1
 Armour: Scale mail        |    54 |    57 |       |       |       ||   111
         Plate armour      |       |    28 |   105 |   266 |   376 ||   775
         Skin              |       |     4 |       |     7 |       ||    11
  Dodge: Dodged            |    40 |    63 |    71 |   293 |   273 ||   740
  Block: Buckler           |    15 |    41 |    32 |     6 |       ||    94
         Kite shield       |       |       |       |   270 |   365 ||   635

Table legend: (Time is in decaauts)
 A = Elapsed time spent in this place.
 B = Non-inter-level travel time spent in this place.
 C = Inter-level travel time spent in this place.
 D = Time resting spent in this place.
 E = Time spent auto-exploring this place.
 F = Levels seen in this place.
 G = Mean time per level.
                   A        B        C        D        E       F      G
               +--------+--------+--------+--------+--------+-----+--------+
         Total |  21758 |  20972 |    786 |   1825 |  13863 |  23 |  946.0 |
       Dungeon |  15194 |  14613 |    581 |   1592 |   9326 |  13 | 1168.8 |
        Temple |     26 |     26 |      0 |      0 |      0 |   1 |   26.0 |
          Lair |   5528 |   5348 |    180 |    220 |   3999 |   5 | 1105.6 |
  Orcish Mines |    756 |    732 |     24 |      0 |    460 |   2 |  378.0 |
         Sewer |    200 |    200 |      0 |      0 |     77 |   1 |  200.0 |
         Arena |     51 |     51 |      0 |     13 |      0 |   1 |   51.0 |
               +--------+--------+--------+--------+--------+-----+--------+

Top non-repeatable levels by time:
    D:12: 1952 daAuts
     D:8: 1862 daAuts
    D:11: 1562 daAuts
    D:10: 1478 daAuts
  Lair:3: 1470 daAuts
    D:13: 1424 daAuts
  Lair:4: 1213 daAuts
  Lair:5: 1150 daAuts
     D:7: 1139 daAuts
     D:9: 1138 daAuts
     D:6: 1131 daAuts
  Lair:1: 893 daAuts
     D:4: 852 daAuts
     D:5: 832 daAuts
  Lair:2: 801 daAuts
